AoeStats
← AOKI_GworK

Nomad

503667570Analyzed
4v4 RM · 1mo ago on Sep 1, 2026· 25m 51s· 8 players
Game mode
Random Map
Map size
231×231
Population
200
Speed
Normal
Resources
Standard
Victory
Conquest
Starting age
Dark Age
Ending age
Imperial Age
RankedLock teamsTeams togetherTeam positionsShared explorationLock speedFull tech treeHidden civsTurbo modeCheats
Victory
Defeat
🇫🇷 Ethiopians · France
1789
+6
🇫🇷 Malay · France
1774
+6
🇫🇷 Gurjaras · France
1680
+10
🇫🇷 Vikings · France
1646
+11
🇻🇳 Aztecs · Vietnam
1558
-9
🇨🇿 Khmer · Czechia
1546
-9
🇫🇷 Franks · France
1534
-8
🇳🇴 Teutons · Norway
1486
-7
thanh7531
3:32 Loom
14:30 Feudal Age
15:40 Town Watch
16:32 Wheelbarrow
18:50 Fletching
19:02 Padded Archer Armor
25:26 Castle Age
Modjo
4:15 Loom
14:46 Feudal Age
21:12 Castle Age
Nordigard
6:48 Loom
16:11 Feudal Age
16:53 Double-Bit Axe
22:59 Castle Age
21:29 Fishing Lines
23:17 Scale Barding Armor
23:23 Forging
23:32 Horse Collar
24:39 Chain Barding Armor
25:06 Bow Saw
25:34 Bloodlines
Sir Godua
5:08 Loom
12:11 Feudal Age
13:37 Double-Bit Axe
13:46 Gold Mining
17:46 Fishing Lines
19:22 Wheelbarrow
22:38 Castle Age
21:37 Forging
26:21 Imperial Age
24:06 Medium Warships
AOKI_Nyusika
5:36 Loom
9:40 Loom
12:24 Feudal Age
12:09 Double-Bit Axe
18:11 Castle Age
16:37 Gold Mining
17:56 Forging
18:06 Medium Warships
18:08 Bow Saw
18:54 Fishing Lines
22:27 Horse Collar
23:32 Wheelbarrow
23:03 Town Watch
23:34 Heavy Plow
AOKI_Thanouille
13:41 Feudal Age
13:56 Loom
17:03 Castle Age
15:01 Double-Bit Axe
15:41 Gold Mining
16:48 Forging
16:35 Town Watch
18:05 Bow Saw
18:54 Horse Collar
19:45 Heavy Plow
19:43 Fishing Lines
19:56 Fishing Lines
22:39 Wheelbarrow
23:57 Stone Mining
25:20 Gold Shaft Mining
25:26 Hand Cart
26:04 Stone Shaft Mining
AOKI_GworK
9:50 Loom
13:52 Feudal Age
16:15 Fletching
18:58 Castle Age
19:40 Bodkin Arrow
23:32 Double-Bit Axe
24:51 Crossbowman
AOKI_Totor
4:51 Loom
13:29 Feudal Age
14:07 Double-Bit Axe
19:37 Castle Age
17:36 Gold Mining
19:13 Scale Barding Armor
19:26 Bloodlines
20:52 Bow Saw
23:11 Medium Warships
Connection lost

Rejoining the realm…

Still unreachable

The connection could not be restored.

Session expired

The server has moved on; the page needs a fresh start.